 Dungeon Crawl Stone Soup version 0.20-a0-2-g2b0e13a (webtiles) character file.

9955 Malachi the Chopper (level 11, 0/84 HPs)
             Began as a Vampire Berserker on Oct 28, 2016.
             Was a High Priest of Trog.
             Succumbed to a killer bee's poison
             ... on level 10 of the Dungeon.
             The game lasted 00:16:46 (7891 turns).

Malachi the Chopper (Vampire Berserker)             Turns: 7891, Time: 00:16:46

Health: 0/84       AC: 13    Str: 19    XL:     11   Next: 29%
Magic:  15/15      EV: 14    Int: 11    God:    Trog [*****.]
Gold:   438        SH:  0    Dex: 13    Spells: 0 memorised, 15 levels left

rFire  . . .     SeeInvis +     h - +1 dire flail (protect)
rCold  . . .     Gourm    .     o - +5 ring mail
rNeg   + . .     Faith    .     (shield currently unavailable)
rPois  .         Spirit   .     (no helmet)
rElec  .         Reflect  .     k - +0 cloak
rCorr  .         Harm     .     j - +0 pair of gloves
MR     +....                    (no boots)
Stlth  +++.......               (no amulet)
                                (no ring)
                                (no ring)

@: lethally poisoned (0 -> -7), exhausted, slowed, very slow
A: fangs 3, see invisible, unbreathing
a: Bat Form, Berserk, Trog's Hand, Brothers in Arms, Burn Spellbooks, Renounce
Religion


You were on level 10 of the Dungeon.
You worshipped Trog.
Trog was extremely pleased with you.
You were not thirsty.

You visited 1 branch of the dungeon, and saw 10 of its levels.

You collected 438 gold pieces.

Inventory:

Hand Weapons
 h - a +1 dire flail of protection (weapon)
Missiles
 m - 14 javelins (quivered)
Armour
 b - a +0 animal skin
 j - a +0 pair of gloves (worn)
 k - a +0 cloak (worn)
 o - a +5 ring mail (worn)
Jewellery
 p - an uncursed ring of ice
Wands
 n - a wand of slowing (25/48)
 t - a wand of iceblast (7/15)
 y - a wand of digging (15/24)
 A - a wand of lightning (5/15)
 D - a wand of slowing (27/48)
Scrolls
 d - 3 scrolls of teleportation
 e - 6 scrolls of identify
 f - 2 scrolls of fear
 g - 2 scrolls of remove curse
 l - 3 scrolls of recharging
 r - 2 scrolls of enchant weapon
 s - 2 scrolls of enchant armour
 B - 2 scrolls of magic mapping
 C - a scroll of fog {unknown}
Potions
 i - 2 potions of might
 q - a potion of curing
 x - a potion of cure mutation
Books
 v - a book of Callings

   Spells                             Type                      Level
   a - Summon Small Mammal            Summoning                    1
   b - Call Imp                       Summoning                    2
   c - Call Canine Familiar           Summoning                    3
   d - Summon Guardian Golem          Hexes/Summoning              3
   e - Summon Lightning Spire         Summoning/Air                4
   f - Summon Ice Beast               Ice/Summoning                4
   Trog disapproves of the use of such an item.


   Skills:
 + Level 7.6 Fighting
   Level 7.9(9.4) Axes
 + Level 7.2(8.6) Maces & Flails
   Level 2.5 Crossbows
 + Level 2.4 Throwing
 + Level 5.8 Armour
 + Level 7.1 Dodging
 + Level 6.3 Stealth
 + Level 3.3 Unarmed Combat
 + Level 2.7 Spellcasting
 + Level 2.7 Evocations


You had 15 spell levels left.
You didn't know any spells.

Dungeon Overview and Level Annotations

Branches:
Dungeon (10/15)            Temple (0/1) D:5
   Lair: D:8-11         Orc: D:9-12

Altars:
Cheibriados
Elyvilon
Trog
Xom
The Shining One

Shops:
D:7 %


Innate Abilities, Weirdness & Mutations

You have razor-sharp teeth.
You have supernaturally acute eyesight. (SInv)
You can survive without breathing.


Message History

Your bite misses the killer bee.
The killer bee is heavily wounded.
* * * LOW HITPOINT WARNING * * *
You feel sick. The killer bee barely misses you.
The killer bee stings you but does no damage.
You sock the killer bee!
You kill the killer bee!
Trog accepts your kill.
* * * LOW HITPOINT WARNING * * *
You feel sick.
Unknown command.
* * * LOW HITPOINT WARNING * * *
You feel sick.
Things that are here:
a killer bee corpse x3
* * * LOW HITPOINT WARNING * * *
You feel sick.
* * * LOW HITPOINT WARNING * * *
You feel sick.
You die...

.⌠. ... ... #.# #.#
####### #.# ......#
#######.######
#####.###....†..@../.#
#.....#####..###.#
#.##### ##.#
#####.#### #.#
...^.....# #.#
###...##.# #.# #.#.# #
#.# #...# #.# ##..#


There were no monsters in sight!

Vanquished Creatures
  A hydra (D:9)
  2 cyclopes (D:7)
  A two-headed ogre (D:9)
  Grinder (D:3)
  2 dream sheep (D:9)
  A wraith (D:10)
  Sigmund (D:2)
  6 yaks
  Edmund (D:4)
  4 water moccasins
  A black bear (D:7)
  An orc warrior (D:3)
  An ice beast (D:6)
  An eye of draining (D:9)
  A necrophage (D:9)
  3 phantoms
  4 centaurs
  3 ogres
  The ghost of Bekkur the Firebug, an amateur DsFE (D:3)
  5 bullfrogs
  6 big kobolds
  5 scorpions
  6 killer bees (D:10)
  4 wights (D:7)
  3 crimson imps
  A bullfrog zombie (D:8)
  2 jellies
  A quasit (D:9)
  6 hounds
  3 orc priests
  10 orc wizards
  2 bullfrog skeletons
  Jessica (D:2)
  2 iguanas
  3 worker ants
  A hound zombie (D:7)
  A howler monkey skeleton (D:7)
  A worker ant zombie (D:6)
  3 gnolls (D:3)
  8 adders
  An ooze (D:3)
  3 adder zombies
  7 worms
  4 dart slugs
  4 leopard geckos
  24 orcs
  6 giant cockroaches
  12 goblins
  16 hobgoblins
  8 jackals
  3 quokkas
  13 bats
  5 frilled lizards
  26 kobolds
  A leopard gecko skeleton (D:4)
  A quokka skeleton (D:5)
  10 rats
254 creatures vanquished.

Notes
Turn   | Place    | Note
-------+----------+-------------------------------------------
     0 | D:1      | Malachi the Vampire Berserker began the quest for the Orb.
     0 | D:1      | Reached XP level 1. HP: 17/17 MP: 1/1
   124 | D:1      | Reached XP level 2. HP: 16/23 MP: 2/2
   493 | D:2      | Reached XP level 3. HP: 26/29 MP: 3/3
   601 | D:2      | Reached ** piety under Trog
   638 | D:2      | Noticed Jessica
   644 | D:2      | Killed Jessica
   644 | D:2      | Reached XP level 4. HP: 35/35 MP: 4/4
  1127 | D:2      | Noticed Sigmund
  1134 | D:2      | Killed Sigmund
  1134 | D:2      | Reached XP level 5. HP: 41/41 MP: 5/5
  1305 | D:3      | Noticed Bekkur's ghost (amateur DsFE)
  1317 | D:3      | Reached XP level 6. HP: 47/47 MP: 6/6
  1323 | D:3      | Killed Bekkur's ghost
  1323 | D:3      | Reached *** piety under Trog
  1378 | D:3      | Reached skill level 5 in Axes
  1414 | D:3      | Noticed an orc warrior
  1440 | D:3      | Killed an orc warrior
  1440 | D:3      | Reached XP level 7. HP: 53/53 MP: 7/7
  1783 | D:3      | Noticed Grinder
  1810 | D:3      | Killed Grinder
  1852 | D:3      | Reached skill level 1 in Stealth
  2230 | D:4      | Noticed Edmund
  2242 | D:4      | Killed Edmund
  2242 | D:4      | Reached **** piety under Trog
  2242 | D:4      | Reached XP level 8. HP: 61/61 MP: 8/8
  2613 | D:4      | Found a snail-covered altar of Cheibriados.
  2619 | D:4      | Reached skill level 1 in Maces & Flails
  2860 | D:5      | Entered Level 5 of the Dungeon
  2902 | D:5      | Found a staircase to the Ecumenical Temple.
  2938 | D:5      | Found a shimmering altar of Xom.
  2998 | D:5      | Found a white marble altar of Elyvilon.
  3466 | D:6      | Reached skill level 5 in Fighting
  4048 | D:6      | Reached XP level 9. HP: 63/68 MP: 9/9
  4093 | D:7      | Reached skill level 5 in Armour
  4093 | D:7      | Reached skill level 5 in Stealth
  4093 | D:7      | Reached XP level 10. HP: 77/77 MP: 9/14
  4122 | D:7      | Found Cogh's Food Shop.
  4128 | D:7      | Noticed a cyclops
  4151 | D:7      | Killed a cyclops
  4151 | D:7      | Reached skill level 5 in Maces & Flails
  4757 | D:7      | Noticed a cyclops
  5141 | D:7      | Killed a cyclops
  5556 | D:7      | Found a glowing golden altar of the Shining One.
  6695 | D:9      | Found a bloodstained altar of Trog.
  6894 | D:9      | Reached XP level 11. HP: 51/84 MP: 15/15
  7109 | D:9      | Noticed a three-headed hydra
  7116 | D:9      | Killed a three-headed hydra
  7379 | D:9      | Reached ***** piety under Trog
  7741 | D:10     | Entered Level 10 of the Dungeon
  7888 | D:10     | HP: 4/84 [poisoned by a killer bee]
  7890 | D:10     | HP: 1/84 [poisoned by a killer bee]
  7891 | D:10     | Succumbed to a killer bee's poison

Vault maps used:
D:1:      dpeg_arrival_more_subterranean_lakeside_camping
D:2:      kennysheep_six_static_rooms, uniq_sigmund, uniq_jessica
D:3:      cheibrodos_greedy_goblins, first_bread, uniq_grinder
D:4:      kennysheep_little_box, serial_glass, glass_columns_c, glass_columns_c,
          minmay_fountain_box, grunt_ministairs_1, uniq_edmund
D:5:      elyvilon_altar_5, kennysheep_mini
D:6:      serial_park_tiny_1, minmay_a_box_with_orc_wizards_in_it
D:7:      minmay_cornered_nines, nicolae_overflow_hidden_temple, serial_shops,
          shop
D:9:      lightli_temple_of_fire, hangedman_ranch, st_stairs_8,
          hangedman_abyss_or_decor_stagger
D:10:     david_lair_shrubbed, david_orc_3, serial_shops, shop_fountains,
          hangedman_tell_no_tales, uniq_psyche

Skill      XL: |  1  2  3  4  5  6  7  8  9 10 11 |
---------------+----------------------------------+-----
Axes           | 3 4 5 6 7 |  7.9
Fighting       | 3 4 5 6 7 |  7.6
Armour         | 2 3 4 5 |  5.8
Dodging        | 3 4 6 7 |  7.1
Stealth        | 1 2 5 6 |  6.3
Maces & Flails | 3 4 6 7 |  7.2
Crossbows      | 2 |  2.5
Throwing       | 2 |  2.4
Unarmed Combat | 3 |  3.3
Spellcasting   | 2 |  2.7
Evocations     | 2 |  2.7

Action                   |  1- 3 |  4- 6 |  7- 9 | 10-12 || total
-------------------------+-------+-------+-------+-------++-------
Melee: Hand axe          |   112 |   148 |   155 |   108 ||   523
       Bite              |     8 |     9 |    36 |    51 ||   104
       Dire flail        |       |       |   215 |   355 ||   570
       Punch             |       |       |       |     1 ||     1
Invok: Berserk           |       |     4 |     4 |     8 ||    16
       Burn Spellbooks   |       |     1 |       |     1 ||     2
       Trog's Hand       |       |       |     1 |     1 ||     2
  Use: Scroll            |     9 |     1 |       |     4 ||    14
       Potion            |       |       |     5 |     7 ||    12
 Stab: Sleeping          |       |       |     2 |    10 ||    12
       Distracted        |       |       |       |     1 ||     1
  Eat: Corpse            |    10 |    10 |    22 |    22 ||    64
Armor: Animal skin       |    22 |       |       |       ||    22
       Ring mail         |    13 |    56 |   182 |   193 ||   444
Dodge: Dodged            |   106 |   125 |   281 |   345 ||   857
